 Dungeon Crawl Stone Soup version 0.17.0-23-g0de4337 (webtiles) character file.

1917 HungrySpirit the Cleaver (level 9, -4/72 HPs)
             Began as a Human Chaos Knight on Nov 13, 2015.
             Slain by a killer bee (5 damage)
             ... on level 7 of the Dungeon.
             The game lasted 00:15:31 (9451 turns).

HungrySpirit the Cleaver (Human Chaos Knight)       Turns: 9451, Time: 00:15:32

Health: -4/72      AC: 14    Str: 21      XL:     9   Next: 39%
Magic:  13/13      EV: 13    Int: 15      God:    Xom [..*...]
Gold:   580        SH:  2    Dex: 14 (17) Spells: 0 memorised, 8 levels left

rFire  + . .     SeeInvis .     G - +0 war axe
rCold  . . .     Clarity  .     y - +0 chain mail
rNeg   . . .     SustAt   .     (no shield)
rPois  .         Gourm    .     (helmet restricted)
rElec  .         Spirit   .     h - +0 cloak {+Inv}
rCorr  .         Warding  .     B - +0 pair of gloves
rMut   .         Stasis   .     C - +0 pair of boots
MR     +....                    (no amulet)
Stlth  ..........               O - ring of protection from magic
                                H - ring of protection from fire

@: mighty, agile, lethally poisoned (-4 -> -23), somewhat resistant to hostile
enchantments, extremely unstealthy
A: antennae 1, talons 1, large bone plates 1, clever 1, robust 1, spit poison 1,
wild magic 1, evolution 1
a: Spit Poison, Renounce Religion, Evoke Invisibility


You were on level 7 of the Dungeon.
You worshipped Xom.
You were a toy of Xom.
You were hungry.

You visited 1 branch of the dungeon, and saw 7 of its levels.

You collected 580 gold pieces.

Inventory:

Hand Weapons
 a - a +0 hand axe of chaos
 i - a +0 battleaxe
 G - a +0 war axe (weapon)
Missiles
 v - 3 silver javelins (quivered)
Armour
 h - a +0 cloak of invisibility (worn)
 y - a +0 chain mail (worn)
 B - a +0 pair of gloves (worn)
 C - a +0 pair of boots (worn)
Jewellery
 e - an uncursed ring of protection from cold
 H - a ring of protection from fire (left hand)
 O - a ring of protection from magic (right hand)
Wands
 b - a wand of digging (12)
 r - a wand of digging (9)
 z - a wand of magic darts (0)
 L - a wand of fire (6)
Scrolls
 d - 8 scrolls of identify
 l - 4 scrolls of blinking {unknown}
 m - 4 scrolls of fear {unknown}
 p - 2 scrolls of random uselessness {unknown}
 w - 3 scrolls of remove curse {unknown}
 F - 2 scrolls of teleportation {unknown}
 K - a scroll of immolation {unknown}
 M - 4 scrolls of amnesia {unknown}
 N - a scroll of enchant weapon {unknown}
 Q - 2 scrolls of enchant armour {unknown}
Potions
 g - a potion of beneficial mutation {unknown}
 k - a potion of ambrosia
 n - a potion of magic {unknown}
 o - 2 potions of flight
 q - a potion of heal wounds {unknown}
 t - 2 potions of poison
 x - a potion of cure mutation {unknown}
 A - a potion of resistance {unknown}
 D - 3 potions of curing {unknown}
Books
 I - a book of Fire

   Spells                             Type                      Level
   a - Ignite Poison                  Fire/Transmutation/Poison    3
   b - Fireball                       Conjuration/Fire             5
   c - Bolt of Fire                   Conjuration/Fire             6
   d - Delayed Fireball               Conjuration/Fire             7
   e - Ring of Flames                 Charms/Fire                  7
Comestibles
 c - 5 bread rations
 f - 5 beef jerkies
 j - 6 meat rations


   Skills:
 + Level 4.7 Fighting
 * Level 9.7 Axes
 + Level 2.8 Armour
 - Level 1.0 Dodging
 + Level 5.5 Evocations


You had 8 spell levels left.
You didn't know any spells.

Dungeon Overview and Level Annotations

Branches:
Dungeon (7/15)             Temple (0/1) D:5

Altars:
Elyvilon
Fedhas
Makhleb
Nemelex Xobeh
Okawaru
Trog
Xom
Zin
The Shining One

Shops:
D:4 :

Annotations:
D:7 JudasIscariot's ghost, novice TrFi


Innate Abilities, Weirdness & Mutations

You have a pair of small antennae on your head.
You have sharp toenails.
You are partially covered in large bone plates (AC +2, SH +2).
Your mind is acute. (Int +2)
You are robust (+10% HP).
You can spit weak poison.
Your spells are a little harder to cast, but a little more powerful.
You evolve.


Message History

Unknown command.
You feel sick. The killer bee stings you.
* * * LOW HITPOINT WARNING * * *
The killer bee stings you.
* * * LOW HITPOINT WARNING * * *
Unknown command.
Drink which item? (? for menu, Esc to quit)
It was a potion of poison.
That liquid tasted very nasty...
You are more poisoned.
* * * LOW HITPOINT WARNING * * *
You feel sick. The killer bee barely misses you. The killer bee misses you.
Unknown command.
Drink which item? (? for menu, Esc to quit)
It was a potion of degeneration.
There was something very wrong with that liquid.
You feel clumsy.
Xom roars with laughter!
* * * LOW HITPOINT WARNING * * *
You feel sick. The killer bee stings you.
You die...

.....##################
...#.########
##..........#
##....#####.#
##........#.#
###.#..##.#.#######
###.#(....#.o§{y{§#
........#########y#
.......>#.......@.#
#######{#.#########
#.#≈.##.#.# ....⌠≈###.#
..≈⌠≈≈.##.# #≈#≈#####.#
.#≈#...##.# ...≈#.###.#
##≈.##..#.#


You could see a killer bee.

Vanquished Creatures
  3 ogres
  A porcupine (shapeshifter) (D:4)
  A phantom (D:4)
  An ice beast (D:5)
  An orc warrior (D:6)
  A centaur (D:6)
  A giant frog (D:6)
  A killer bee (D:7)
  3 crimson imps
  A giant frog skeleton (D:5)
  2 hounds (D:3)
  5 jellies
  An orc wizard (D:6)
  Crazy Yiuf (D:2)
  An orc priest (D:7)
  2 centaur skeletons
  Terence (D:3)
  Natasha (thrice) (D:3)
  2 iguanas
  7 worker ants
  A hound zombie (D:5)
  Robin (D:2)
  8 gnolls
  A worker ant zombie (D:5)
  7 adders
  A river rat (D:3)
  2 shadow imps
  2 oozes
  8 worms
  An adder zombie (D:6)
  An adder skeleton (D:7)
  10 giant geckos
  10 orcs
  11 bats
  12 giant cockroaches
  6 hobgoblins
  6 quokkas
  2 ball pythons
  2 giant gecko skeletons (D:5)
  2 giant newts
  18 goblins
  12 kobolds
  7 rats
170 creatures vanquished.

Vanquished Creatures (collateral kills)
  A giant gecko (D:3)
1 creature vanquished.

Vanquished Creatures (others)
  An adder (D:2)
1 creature vanquished.

Grand Total: 172 creatures vanquished

Notes
Turn   | Place    | Note
--------------------------------------------------------------
     0 | D:1      | HungrySpirit the Human Chaos Knight began the quest for the Orb.
     0 | D:1      | Reached XP level 1. HP: 18/18 MP: 1/1
    16 | D:1      | XOM: harmless Conj miscast
    37 | D:1      | XOM: harmless Chrm miscast
   107 | D:1      | Reached XP level 2. HP: 24/24 MP: 2/2
   287 | D:1      | XOM: smoke on damage
   327 | D:1      | Reached XP level 3. HP: 29/29 MP: 3/3
   350 | D:1      | XOM: swap monsters
   359 | D:1      | Reached skill level 4 in Axes
   582 | D:1      | XOM: harmless Air miscast
   592 | D:1      | XOM: vitrification
   866 | D:2      | Reached XP level 4. HP: 16/35 MP: 4/4
  1042 | D:2      | Found a faded altar to an unknown god.
  1049 | D:2      | Noticed Robin
  1066 | D:2      | Killed Robin
  1093 | D:2      | XOM: give mutations
  1093 | D:2      | Gained mutation: Your mind is acute. (Int +2) [Xom's grace]
  1093 | D:2      | Gained mutation: Your flesh is cold resistant. [Xom's grace]
  1093 | D:2      | Gained mutation: Your spells are a little harder to cast, but a little more powerful. [Xom's grace]
  1093 | D:2      | Gained mutation: You are robust (+10% HP). [Xom's grace]
  1248 | D:2      | Noticed Crazy Yiuf
  1265 | D:2      | Killed Crazy Yiuf
  1265 | D:2      | Reached skill level 5 in Axes
  1265 | D:2      | Reached XP level 5. HP: 9/46 MP: 5/5
  1271 | D:2      | XOM: harmless Divn miscast
  1500 | D:2      | XOM: god gift: twisted runed staff {god gift}
  1584 | D:2      | XOM: enchant monster (bad)
  1594 | D:2      | XOM: noise
  1647 | D:2      | XOM: harmless Fire miscast
  1790 | D:2      | Found a glowing golden altar of the Shining One.
  1790 | D:2      | Found a glowing silver altar of Zin.
  1791 | D:2      | Found a white marble altar of Elyvilon.
  2060 | D:2      | XOM: polymorph giant cockroach -> kobold
  2187 | D:2      | XOM: mild Necr miscast
  2445 | D:3      | Noticed Natasha
  2455 | D:3      | Killed Natasha
  2455 | D:3      | Reached skill level 1 in Evocations
  2455 | D:3      | Reached XP level 6. HP: 30/52 MP: 6/6
  2489 | D:3      | XOM: summons 2 hostile shadow creatures
  2625 | D:3      | Noticed Natasha
  2633 | D:3      | Killed Natasha
  2638 | D:3      | Noticed Terence
  2641 | D:3      | Found a bloodstained altar of Trog.
  2641 | D:3      | Found a blossoming altar of Fedhas.
  2652 | D:3      | Killed Terence
  2795 | D:3      | Noticed Natasha
  2800 | D:3      | XOM: swap monsters
  2804 | D:3      | Killed Natasha
  2941 | D:3      | Reached skill level 6 in Axes
  2977 | D:3      | XOM: god gift: 56 gold pieces
  3072 | D:3      | Noticed an ogre
  3074 | D:3      | XOM: cast spell 'Statue Form'
  3079 | D:3      | XOM: 1-stop teleportation journey
  3134 | D:3      | XOM: 1-stop teleportation journey
  3139 | D:3      | XOM: confuse monster(s)
  3303 | D:3      | XOM: cast spell 'Dragon Form'
  3382 | D:3      | Killed an ogre
  3382 | D:3      | Reached XP level 7. HP: 36/59 MP: 8/8
  3416 | D:3      | XOM: harmless Divn miscast
  3538 | D:3      | XOM: confuse monster(s)
  3617 | D:3      | XOM: harmless Necr miscast
  3724 | D:4      | XOM: cast spell 'Blink'
  3756 | D:3      | XOM: medium Tloc miscast
  3757 | D:3      | Noticed a spatial vortex
  3757 | D:3      | Noticed a spatial vortex
  3757 | D:3      | Noticed a spatial vortex
  3864 | D:4      | Found a sparkling altar of Nemelex Xobeh.
  3877 | D:4      | XOM: god gift: sedimented green potion
  3961 | D:4      | Reached skill level 7 in Axes
  3997 | D:4      | XOM: smoke on damage
  4097 | D:4      | XOM: divination: magic mapping
  4349 | D:4      | Found a burning altar of Makhleb.
  4444 | D:4      | Reached XP level 8. HP: 58/66 MP: 10/10
  4494 | D:4      | Found Gesaipp's Book Shop.
  4915 | D:4      | XOM: enchant monster (good)
  4982 | D:4      | Reached skill level 8 in Axes
  5078 | D:4      | XOM: 2-stop teleportation journey
  5147 | D:4      | XOM: give mutations
  5147 | D:4      | Gained mutation: You evolve. [Xom's grace]
  5147 | D:4      | Gained mutation: You have a pair of small antennae on your head. [Xom's grace]
  5161 | D:4      | XOM: give mutations
  5161 | D:4      | Gained mutation: You have sharp toenails. [Xom's grace]
  5161 | D:4      | Gained mutation: You can breathe flames. [Xom's grace]
  5161 | D:4      | Lost mutation: You can breathe flames. [Xom's grace]
  5161 | D:4      | Gained mutation: You can spit weak poison. [Xom's grace]
  5161 | D:4      | Gained mutation: You are partially covered in large bone plates (AC +2, SH +2). [Xom's grace]
  5220 | D:4      | XOM: silly message
  5406 | D:4      | XOM: vitrification
  5460 | D:5      | Entered Level 5 of the Dungeon
  5481 | D:5      | Found a staircase to the Ecumenical Temple.
  5661 | D:5      | Found a sparkling altar of Nemelex Xobeh.
  5771 | D:5      | XOM: divination: magic mapping
  5798 | D:5      | XOM: summons 3 friendly demons
  6154 | D:5      | XOM: cast spell 'Spider Form'
  6351 | D:6      | XOM: 2-stop teleportation journey
  6514 | D:6      | XOM: enchant monster (good)
  6523 | D:6      | XOM: divination: detect items
  6757 | D:6      | XOM: fog
  6794 | D:6      | Lost mutation: Your flesh is cold resistant. [evolution]
  6802 | D:6      | Reached skill level 9 in Axes
  6920 | D:6      | XOM: god gift: 35 gold pieces
  6961 | D:6      | HP: 1/66 [ogre/giant club (17)]
  7185 | D:5      | XOM: colour smoke trail
  7337 | D:5      | XOM: silly message
  7399 | D:5      | Reached skill level 5 in Evocations
  7399 | D:5      | Reached XP level 9. HP: 71/71 MP: 12/12
  7484 | D:6      | XOM: summons friendly crimson imp
  7898 | D:6      | Found an iron altar of Okawaru.
  8159 | D:6      | XOM: colour smoke trail
  8184 | D:6      | XOM is BORED!
  8184 | D:6      | XOM: mild Summ miscast
  8579 | D:7      | XOM: colour smoke trail
  8669 | D:7      | Noticed JudasIscariot's ghost (novice TrFi)
  8678 | D:7      | XOM: blink monster(s)
  8685 | D:7      | HP: 1/72 [JudasIscariot's ghost (15)]
  8690 | D:7      | XOM: cast spell 'Summon Swarm'
  9229 | D:7      | XOM: noise
  9261 | D:7      | Paralysed by a gnoll for 7 turns
  9262 | D:7      | XOM: smoke on damage
  9365 | D:7      | Found a shimmering altar of Xom.
  9434 | D:7      | XOM: noise
  9436 | D:7      | XOM: smoke on damage
  9438 | D:7      | XOM: potion effect (might)
  9439 | D:7      | XOM: potion effect (agility)
  9450 | D:7      | HP: 2/72 [poison (a potion of poison)]
  9451 | D:7      | Slain by a killer bee

Action                   |  1- 3 |  4- 6 |  7- 9 || total
-------------------------+-------+-------+-------++-------
Melee: Hand axe          |   109 |   271 |   110 ||   490
       War axe           |       |       |   329 ||   329
       Unarmed           |       |       |    13 ||    13
 Abil: Evoke Invisibilit |       |       |     1 ||     1
Evoke: Wand              |       |    10 |     5 ||    15
  Use: Potion            |       |     2 |     5 ||     7
       Scroll            |       |       |     2 ||     2
 Stab: Sleeping          |     2 |       |       ||     2
       Invisible         |       |     4 |     1 ||     5
       Petrified         |       |     2 |     1 ||     3
       Paralysed         |       |     2 |       ||     2
       Petrifying        |       |     2 |     1 ||     3
  Eat: Chunk             |       |     9 |    14 ||    23
       Fruit             |       |       |     4 ||     4
       Royal jelly       |       |       |     1 ||     1
